 Dungeon Crawl Stone Soup version 0.29-a0-819-g94b489e0ae (webtiles) character file.

Game seed: 14055228476559204594

1643 xian the Conjurer (level 8, -3/49 (51) HPs)
             Began as an Octopode Conjurer on July 6, 2022.
             Slain by a wight
             ... wielding a +3 war axe
              (17 damage)
             ... on level 6 of the Dungeon.
             The game lasted 00:14:46 (6273 turns).

xian the Conjurer (Octopode Conjurer)               Turns: 6273, Time: 00:14:46

HP:   -3/49 (51)    AC:  3    Str: 12    XL:     8   Next: 99%
MP:   21/25         EV: 14    Int: 23    God:
Gold: 314           SH:  0    Dex: 10    Spells: 15/18 levels left

rFire   x . .      SeeInvis .   k - +3 quarterstaff
rCold   + . .      Faith    .   (shield currently unavailable)
rNeg    + . .      Spirit   .   p - +2 hat
rPois   .          Reflect  .   (no amulet)
rElec   .          Harm     .   c - ring of resist corrosion
rCorr   +          Rampage  .   g - ring of magical power
Will    .....                   j - +6 ring of strength
Stlth   ++++......              s - ring of positive energy
HPRegen 0.16/turn               r - ring of ice
MPRegen 0.19/turn               (no ring)
                                (no ring)
                                (no ring)

@: lightly drained
A: almost no armour, amphibious, 8 rings, camouflage 1, gelatinous body 1,
(nimble swimmer 1), tentacles
a: no special abilities


You were on level 6 of the Dungeon.
You visited 2 branches of the dungeon, and saw 7 of its levels.

You collected 314 gold pieces.

Inventory:

Hand Weapons
 k - a +3 quarterstaff (weapon)
Armour
 m - an orb of light
 p - a +2 hat (worn)
Jewellery
 c - a ring of resist corrosion (left tentacle)
 g - a ring of magical power (right tentacle)
 j - a +6 ring of strength (on tentacle)
 r - a ring of ice (on tentacle)
 s - a ring of positive energy (on tentacle)
 u - a ring of poison resistance
Wands
 w - a wand of paralysis (11)
Scrolls
 d - 3 scrolls of vulnerability
 e - a scroll of poison
 f - 4 scrolls of identify
 q - a scroll of teleportation
 v - a scroll of magic mapping {unknown}
Potions
 a - 2 potions of magic
 b - a potion of curing {unknown}
 h - a potion of lignification
 i - a potion of attraction {unknown}
 l - a potion of invisibility {unknown}
 n - 5 potions of heal wounds {unknown}
 o - a potion of brilliance {unknown}
 t - 2 potions of mutation {unknown}
 x - a potion of flight {unknown}
 z - a potion of haste {unknown}


   Skills:
 + Level 2.4 Fighting
 + Level 2.8 Staves
 + Level 4.4 Dodging
 + Level 5.5 Stealth
 + Level 5.9 Spellcasting
 + Level 7.3 Conjurations


You had 15 spell levels left.
You knew the following spells:

 Your Spells              Type           Power      Damage    Failure   Level
a - Magic Dart            Conj           100%       1d8       1%          1
b - Searing Ray           Conj           80%        2d7       1%          2

Your spell library contained the following spells:

 Spells                   Type           Power      Damage    Failure   Level
 Dazzling Flash           Conj/Hex       46%        N/A       6%          3
 Fulminant Prism          Conj/Hex       11%        3d9       19%         4
 Iskenderun's Mystic Bla  Conj/Tloc      23%        2d6       19%         4
 Starburst                Conj/Fire      11%        6d5       96%         6


Dungeon Overview and Level Annotations

Branches:
Dungeon (6/15)             Temple (1/1) D:6

Altars:
Ashenzari
Cheibriados
Fedhas
Hepliaklqana
Kikubaaqudgha
Makhleb
Nemelex Xobeh
Okawaru
Qazlal
Ru
Sif Muna
Trog
Uskayaw
Vehumet
Wu Jian
Xom
Yredelemnul
Zin
The Shining One

Annotations:
D:3 2 transporters, Palms's ghost, weakling VSEn


Innate Abilities, Weirdness & Mutations

You cannot wear most types of armour.
You are amphibious.
You can wear up to eight rings at the same time.
Your skin changes colour to match your surroundings (Stealth+).
Your rubbery body absorbs attacks. (AC +1, EV +1)
((You are camouflaged when in or above water. (Stealth+)))
You have tentacles for arms and can constrict up to eight enemies at once.


Message History

There is an open door here.
There is an open door here.
Found an escape hatch in the floor.
The ogre shouts!
A wight comes into view.
It is wielding a +2 battleaxe of freezing.
There is an open door here.
Casting: Searing Ray (safe; 1% risk of failure)
Confirm with . or Enter, or press ? or * to list all spells.
Aiming: Searing Ray (safe; 1% risk of failure)
Press: ? - help, Shift-Dir - straight line The searing ray hits the ogre!
The ogre is heavily wounded.
The searing ray misses the wight. (Press . to maintain the ray.) Unknown command.
The searing ray hits the ogre.
The ogre is severely wounded.
The searing ray misses the wight.
The searing ray hits the wight.
The wight is lightly damaged.
The ogre barely misses you.
The searing ray hits the ogre.
The ogre is almost dead.
The searing ray misses the wight.
The ogre misses you.
The searing ray hits the ogre!
You kill the ogre!
The searing ray misses the wight.
You finish channelling your searing ray.
The wight hits you but does no damage. The wight attacks as you move away!
The wight hits you with a +2 battleaxe of freezing!
The wight freezes you. The wight hits you with a +3 war axe!
You partially resist.
You feel drained. The wight attacks as you move away!
The wight barely misses you. The wight attacks as you move away!
The wight hits you with a +2 battleaxe of freezing!
You partially resist.
You feel drained. The wight freezes you.
* * * LOW HITPOINT WARNING * * *
The wight attacks as you move away! The wight misses you.
The wight attacks as you move away! The wight hits you with a +3 war axe!
You die...

#.............##'#.....
######'##.............#
#...#.............#
#...#.............#
#######.............#
#....########.......#
#....#......#.......#
#....#......'.......'
###...@#####..#.......#
.......zz...#..##.......
............#.>.#.......
............#...#.......
............#...#.......
...........)#...#.......
............'...#.......
............#####.......
##+##............######


You could see 2 wights.

Vanquished Creatures
  A water moccasin (D:6)
  2 ogres
  A centaur (D:5)
  A phantom (D:5)
  A bullfrog (D:6)
  3 scorpions
  7 wights
  2 howler monkeys
  2 hounds
  A jelly (D:6)
  4 orc priests
  A gnoll bouda (D:5)
  2 iguanas (D:5)
  3 orc wizards (D:5)
  4 adders
  4 gnolls (D:5)
  4 dart slugs
  14 orcs
  7 endoplasms
  3 giant cockroaches
  8 goblins
  10 hobgoblins
  6 jackals
  3 quokkas
  8 ball pythons
  8 bats
  6 frilled lizards
  7 kobolds
  6 rats
129 creatures vanquished.

Vanquished Creatures (others)
  3 demonic plants (D:2)
  5 fungi (D:2)
  14 plants (D:2)
  2 withered plants (D:2)
24 creatures vanquished.

Grand Total: 153 creatures vanquished

Notes
Turn   | Place    | Note
-------+----------+-------------------------------------------
     0 | D:1      | xian the Octopode Conjurer began the quest for the Orb.
     0 | D:1      | Reached XP level 1. HP: 11/11 MP: 3/3
   149 | D:1      | Reached XP level 2. HP: 17/17 MP: 3/5
   152 | D:1      | Learned a level 2 spell: Searing Ray
   486 | D:1      | Reached XP level 3. HP: 21/21 MP: 2/6
  1473 | D:2      | Reached skill level 5 in Conjurations
  1638 | D:2      | Reached XP level 4. HP: 27/27 MP: 0/7
  1703 | D:2      | Found a faded altar of an unknown god.
  2925 | D:3      | Identified the +1 pair of boots "Nacafro" {+Blink}
  2964 | D:3      | Found a transporter.
  2964 | D:3      | Noticed Palms's ghost (weakling VSEn)
  2998 | D:3      | Found a transporter.
  3184 | D:3      | Found an iron altar of Okawaru.
  3349 | D:4      | Reached XP level 5. HP: 23/31 MP: 9/9
  3492 | D:4      | Found a bloodstained altar of Trog.
  3543 | D:4      | Found a stormy altar of Qazlal.
  4041 | D:5      | Entered Level 5 of the Dungeon
  4144 | D:5      | Reached XP level 6. HP: 28/36 MP: 11/11
  4350 | D:5      | Reached skill level 6 in Conjurations
  4422 | D:5      | Reached XP level 7. HP: 42/42 MP: 13/13
  4519 | D:5      | Reached skill level 1 in Staves
  4519 | D:5      | Reached skill level 5 in Spellcasting
  4868 | D:5      | Reached skill level 1 in Fighting
  5025 | D:5      | Reached XP level 8. HP: 14/48 MP: 15/15
  5338 | D:5      | Reached skill level 5 in Stealth
  5542 | D:6      | Found a staircase to the Ecumenical Temple.
  5551 | Temple   | Entered the Ecumenical Temple
  5742 | D:6      | Reached skill level 7 in Conjurations
  6273 | D:6      | Slain by a wight

Illustrated notes

Levels and vault maps discovered:
D:1:      zelgadis_glass_arrival_small, layout_basic
D:2:      wander_river, layout_loops_ring, shapermc_ecumenical_altar_gd,
          serial_forest, infiniplex_forest_corner_1, infiniplex_forest_lined_2,
          infiniplex_forest_zigzag_1, infiniplex_forest_corner_1,
          infiniplex_forest_lined_3, infiniplex_forest_clump_curved,
          infiniplex_forest_lined_2, infiniplex_forest_clump_C,
          infiniplex_forest_lined_3
D:3:      layout_basic, amcnicky_altar_gilded, gammafunk_ghost_arena
D:4:      layout_loops_cross, mainiacjoe_overflow_catwalk,
          kennysheep_little_box, kennysheep_generic_room_13
D:5:      layout_loops_ring
D:6:      layout_gridville, minmay_temple_entry_tees
Temple:   nicolae_temple_bog_church

Skill      XL: |  1  2  3  4  5  6  7  8 |
---------------+-------------------------+-----
Conjurations   | 5 6 7 |  7.3
Stealth        | 3 4 5 |  5.5
Spellcasting   | 3 4 5 |  5.9
Staves         | 1 2 |  2.8
Dodging        | 3 4 |  4.4
Fighting       | 1 2 |  2.4

Action                   |  1- 3 |  4- 6 |  7- 9 || total
-------------------------+-------+-------+-------++-------
Melee: Unarmed           |     4 |       |       ||     4
       Constrict         |     2 |       |     2 ||     4
       Short sword       |     4 |       |       ||     4
       Quarterstaff      |       |     4 |    11 ||    15
 Cast: Magic Dart        |    86 |    67 |    17 ||   170
       Searing Ray       |       |     8 |    25 ||    33
  Use: Scroll            |     6 |     4 |     1 ||    11
Armor: Skin              |       |    10 |     6 ||    16
Dodge: Dodged            |     5 |    24 |    42 ||    71

Table legend: (Time is in decaauts)
 A = Elapsed time spent in this place.
 B = Non-inter-level travel time spent in this place.
 C = Inter-level travel time spent in this place.
 D = Time resting spent in this place.
 E = Time spent auto-exploring this place.
 F = Levels seen in this place.
 G = Mean time per level.
                   A        B        C        D        E       F      G
               +--------+--------+--------+--------+--------+-----+--------+
         Total |   6273 |   6188 |     85 |    149 |   5190 |   7 |  896.1 |
       Dungeon |   6110 |   6025 |     85 |    149 |   5062 |   6 | 1018.3 |
        Temple |    162 |    162 |      0 |      0 |    128 |   1 |  162.0 |
               +--------+--------+--------+--------+--------+-----+--------+

Top non-repeatable levels by time:
     D:5: 1496 daAuts
     D:2: 1351 daAuts
     D:1: 1068 daAuts
     D:3: 912 daAuts
     D:4: 705 daAuts
     D:6: 576 daAuts
  Temple: 162 daAuts
